 Dungeon Crawl Stone Soup version 0.23-a0-639-ga9a3373 (console) character file.

69 Duffy the Firebug (level 4, 30/30 HPs)
             Began as a Demonspawn Fire Elementalist on Dec 29, 2018.
             Quit the game on level 3 of the Dungeon.
             The game lasted 00:02:04 (2477 turns).

Duffy the Firebug (Demonspawn Fire Elementalist)    Turns: 2477, Time: 00:02:05

Health: 30/30      AC:  5    Str:  8    XL:     4   Next: 2%
Magic:  8/16       EV: 12    Int: 18    God:
Gold:   197        SH:  0    Dex: 13    Spells: 4/8 levels left

rFire    . . .     SeeInvis .   b - +0 spear
rCold    . . .     Gourm    .   (no shield)
rNeg     . . .     Faith    .   a - +0 robe
rPois    .         Spirit   .   (no helmet)
rElec    .         Reflect  .   h - scarf {cloud immunity}
rCorr    .         Harm     .   m - +0 pair of gloves
MR       .....                  (no boots)
Stlth    ++........             (no amulet)
HPRegen  0.10/turn              i - ring of magical power
MPRegen  0.15/turn              (no ring)

@: no status effects
A: claws 1, icy blue scales 1, powered by pain 1
a: no special abilities


You were on level 3 of the Dungeon.
You were hungry.

You visited 1 branch of the dungeon, and saw 3 of its levels.

You collected 197 gold pieces.

Inventory:

Hand Weapons
 b - a +0 spear (weapon)
Armour
 a - a +0 robe (worn)
 h - a scarf of cloud immunity (worn)
 m - a +0 pair of gloves (worn)
 p - a +0 helmet
Jewellery
 i - a ring of magical power (left hand)
Wands
 k - a wand of random effects (7)
Scrolls
 e - 2 scrolls of blinking {unknown}
 f - a scroll of remove curse {unknown}
 j - a scroll of identify {unknown}
 n - a scroll of fog {unknown}
Potions
 d - a potion of haste {unknown}
 g - 2 potions of curing {unknown}
 o - a potion of lignification {unknown}
Comestibles
 c - 8 rations
 l - 3 chunks of flesh


   Skills:
 - Level 1.7 Dodging
 - Level 1.7 Stealth
 + Level 2.5 Spellcasting
 + Level 3.0 Conjurations
 + Level 3.1 Fire Magic


You had 4 spell levels left.
You knew the following spells:

 Your Spells              Type           Power        Failure   Level  Hunger
h - Flame Tongue          Conj/Fire      ##...        4%          1    #......
l - Conjure Flame         Conj/Fire      ##......     14%         3    ###....

Your spell library contained the following spells:

 Spells                   Type           Power        Failure   Level  Hunger
 Throw Flame              Conj/Fire      ##....       8%          2    ##.....
 Confusing Touch          Hex            #.....       17%         1    #......
 Inner Flame              Hex/Fire       #.......     26%         3    ###....
 Sticky Flame             Conj/Fire      ##......     43%         4    #####..
 Confuse                  Hex            #.......     45%         3    ###....
 Gell's Gravitas          Tloc           #.........   45%         3    ###....
 Petrify                  Tmut/Erth      #.......     86%         4    #####..
 Fireball                 Conj/Fire      ##........   80%         5    ######.
 Metabolic Englaciation   Hex/Ice        #.........   99%         5    ######.
 Yara's Violent Unravell  Hex/Tmut       #.........   99%         5    ######.


Dungeon Overview and Level Annotations

Branches:
Dungeon (3/15)

Altars:
Qazlal


Innate Abilities, Weirdness & Mutations

You have sharp fingernails.
You are partially covered in icy blue scales. (AC +2)
You sometimes gain a little power by taking damage.


Message History

You kill the worm!
Casting: Flame Tongue (safe; 5% risk of failure)
Confirm with . or Enter, or press ? or * to list all spells.
Aiming: Flame Tongue (safe; 5% risk of failure)
Press: ? - help, Shift-Dir - straight line, f - orc
Aim: an orc, wielding a +0 mace The flame tongue hits the orc.
The orc is heavily wounded.
The orc misses you.
Casting: Flame Tongue (safe; 5% risk of failure)
Confirm with . or Enter, or press ? or * to list all spells.
Aiming: Flame Tongue (safe; 5% risk of failure)
Press: ? - help, Shift-Dir - straight line, f/p - orc
Aim: an orc, wielding a +0 mace (heavily wounded)
The flame tongue hits the orc.
You kill the orc!
You have reached level 4!
You feel clever.
Your demonic ancestry asserts itself...
You feel energised by your suffering.
Are you sure you want to abandon this character and quit the game? (Confirm

#b.### #........#.# #<..#
#.###.####.# ###g# # #.# #.#
#.## gg.## #.# #.# #..# #..#
#.# #.# ##.# #. #.# #.###.#
#.# #..##### #.# #...#.# #..
##......###.# ###.#.# ##.
(........)s@.#####.#.# ####.
.....h..####.....#...###....
....<...# ###.#......##.##.
........# #.###.......###
........# # #.####...####
......... ...#...##......###
........# #...#.##..##....#
..^.... ###>.............
###....#####...


You could see a jackal (wandering) and a giant cockroach.

Vanquished Creatures
  An adder (D:2)
  An ooze (D:2)
  A worm (D:3)
  2 dart slugs
  A leopard gecko (D:1)
  5 orcs
  3 bats (D:2)
  A giant cockroach (D:2)
  7 goblins
  A hobgoblin (D:2)
  2 jackals (D:1)
  5 frilled lizards
  9 kobolds
  3 rats
42 creatures vanquished.

Vanquished Creatures (others)
  3 toadstools (D:2)
3 creatures vanquished.

Grand Total: 45 creatures vanquished

Notes
Turn   | Place    | Note
-------+----------+-------------------------------------------
     0 | D:1      | Duffy the Demonspawn Fire Elementalist began the quest for
                  | the Orb.
     0 | D:1      | Reached XP level 1. HP: 13/13 MP: 3/3
   384 | D:1      | Gained mutation: You have sharp fingernails. [demonic
                  | ancestry]
   384 | D:1      | Reached XP level 2. HP: 16/19 MP: 0/5
  1456 | D:2      | Gained mutation: You are partially covered in icy blue
                  | scales. (AC +2) [demonic ancestry]
  1456 | D:2      | Reached XP level 3. HP: 24/24 MP: 6/6
  1461 | D:2      | Learned a level 3 spell: Conjure Flame
  1811 | D:2      | Found a stormy altar of Qazlal.
  2475 | D:3      | Gained mutation: You sometimes gain a little power by
                  | taking damage. [demonic ancestry]
  2475 | D:3      | Reached XP level 4. HP: 30/30 MP: 7/7
  2477 | D:3      | Quit the game

Vault maps used:
D:1:      lemuel_arrival_lava_pool, hangedman_decor_points
D:2:      marbit_many_paths, first_ration, minmay_gold_behind_fungi

Skill      XL: |  1  2  3 |
---------------+----------+-----
Fire Magic     | 3 |  3.1
Conjurations   | 2 3 |  3.0
Dodging        | |  1.7
Stealth        | |  1.7
Spellcasting   | |  2.5

Action                   |  1- 3 |  4- 6 || total
-------------------------+-------+-------++-------
Melee: Spear             |    12 |       ||    12
 Cast: Flame Tongue      |    87 |     1 ||    88
  Eat: Chunk             |     5 |       ||     5
Armor: Robe              |    13 |       ||    13
Dodge: Dodged            |    38 |       ||    38

Table legend:
 A = Non-vault XP
 B = Vault XP
 C = Vault XP percentage of total XP
 D = Non-vault monster count
 E = Vault monster count
 F = Vault count percentage of total count
                 A         B        C        D         E       F
            +---------+---------+-------+---------+---------+-------
      Total |      97 |       2 |   2.0 |      41 |       1 |   2.4
            +---------+---------+-------+---------+---------+-------
        D:1 |      33 |       0 |   0.0 |      18 |       0 |   0.0
        D:2 |      51 |       2 |   3.8 |      19 |       1 |   5.0
        D:3 |      13 |       0 |   0.0 |       4 |       0 |   0.0
            +---------+---------+-------+---------+---------+-------
